Unix NetHack Version 5.0.0-0 post-release - last build May  4 2026 22:22:43 (774f63e81ad911689b3a0859ea89b322d5daca8d,branch:main).

Game began 2026-05-10 02:13:18, ended 2026-05-10 02:29:06.

Kwijibo4686, neutral female human Valkyrie

                                                                 ----
                   --------                               -----  |..|
                 ---......--     ----     ---       ---  --.|.----..--
                 -.........|     |..|     -.-      --.-- |.....--....|
                 .........-    ---..--     .       |...| --.......|..|
               ---........|    |.....--   -.-      |-.----........----
               -.........-     |......|   |.|      |.--.|...........-------
               `.........---   |......--  |.|     --.........----.........--
       -----  --...........|   |.---...|---.--    |......^...|  ---.|......--
        ...|  |...|........|   |.|--..---....|    |..........| ---|.|---....|
        ...-- |.------...---   |.|....||.....------......-..@---.--.|  |...--
         ...- |.|    --...|  ---.|<..---...............`..%aaa......|  -----
         ....--.|     ---.|  |.............---------...----.........------
          ..|...--      |.|  |.---....------     ---...-- --.--..--......--
     -----.-|....--     |)---|[||....--          |......|  ---|..|--...-..----
     |...|^--.....|     |%[)||.|--.---           |..--.--     ------..^......--
     |...........--     ---.--.| ---             -------         -............|
     |..^......---        |....|                                |............--
     --.....|.--          |...--                                --....|.....--
      ----.----           -----                                  ---.---..---
         ---                                                       --- ----
Kwijibo4686 the Fighter     St:18/02 Dx:12 Co:18 In:12 Wi:7 Ch:11  Neutral
Dlvl:7  $:27 HP:0(74) Pw:13(13) AC:4  Xp:6 T:2281 

Latest messages:
 Are you sure you want to pray? [yn] (n) y
 You begin praying to Odin.
 You are surrounded by a shimmering light.
 The fire ant starts to attack you, but pulls back.
 The fire ant starts to attack you, but pulls back.
 The fire ant starts to attack you, but pulls back.
 The fire ant starts to attack you, but pulls back.
 The fire ant starts to attack you, but pulls back.
 The fire ant starts to attack you, but pulls back.
 The fire ant starts to attack you, but pulls back.
 The fire ant starts to attack you, but pulls back.
 The fire ant starts to attack you, but pulls back.
 The fire ant starts to attack you, but pulls back.
 You finish your prayer.
 You feel that Odin is well-pleased.
 You feel much better.
 What do you want to read? [nAFGH or ?*] G
 As you read the scroll, it disappears.
 Your hands begin to glow red.
 Call a scroll labeled ABRA KA DABRA: confuse
 The fire ant bites!
 The fire ant bites again!
 You're on fire!
 The fire ant bites!
 The fire ant misses!
 The fire ant bites!
 The fire ant misses!
 The fire ant bites!
 The fire ant bites again!
 You're on fire!
 What do you want to read? [nAFH or ?*] ?
 As you read the scroll, it disappears.
 Your small shield glows silver for a moment.
 The fire ant bites!
 The fire ant bites again!
 You're on fire!
 The fire ant bites!
 The fire ant bites again!
 You're on fire!
 The fire ant bites!
 The fire ant misses!
 The fire ant bites!
 The fire ant misses!
 The fire ant bites!
 The fire ant bites again!
 You're on fire!
 The fire ant bites!
 You die...
 Do you want your possessions identified? [ynq] (y) y
 Do you want to see your attributes? [ynq] (y) q

Inventory:
 Coins    ('$')
  $ - 27 gold pieces
 Amulets  ('"')
  m - an uncursed amulet of life saving
 Weapons  (')')
  b - a +0 dagger (alternate weapon; not wielded)
  a - a +1 spear (weapon in right hand)
 Armor    ('[')
  v - a blessed +0 pair of iron shoes (being worn)
  c - a blessed +4 small shield (being worn)
 Comestibles  ('%')
  w - an uncursed slime mold
  d - 4 uncursed food rations
  e - a cursed pear
  i - an uncursed lichen corpse
 Scrolls  ('?')
  F - an uncursed scroll of enchant weapon
  n - an uncursed scroll of identify
 Spellbooks  ('+')
  H - an uncursed spellbook of light
 Potions  ('!')
  y - an uncursed potion of booze
  f - an uncursed potion of extra healing
  g - an uncursed potion of restore ability
 Rings    ('=')
  j - a cursed ring of polymorph
 Wands    ('/')
  o - a wand of digging (0:5)
 Tools    ('(')
  l - an uncursed blindfold
  E - an uncursed lock pick
  x - an uncursed oil lamp (lit)
  I - an uncursed oil lamp (lit)
  C - a +0 pick-axe
  z - an uncursed partly used wax candle (lit)

Kwijibo4686 the Valkyrie's attributes:

Background:
 You were a Fighter, a level 6 human Valkyrie.
 You were neutral, on a mission for Odin
 who was opposed by Tyr (lawful) and Loki (chaotic).
 You were right-handed.
 You were in the Gnomish Mines, on level 7.
 You entered the dungeon 2281 turns ago.
 It was nighttime.
 You had 625 experience points, 15 more were needed to attain level 7.

Basics:
 You had 0 out of 74 hit points.
 You had all 13 energy points (spell power).
 Your armor class was 3.
 Your wallet contained 27 zorkmids.
 Autopickup was on for '$?!/="' plus thrown.

Final Characteristics:
 Your strength was 18/02 (limit:18/100).
 Your dexterity was 12 (limit:18).
 Your constitution was 18 (limit:18).
 Your intelligence was 12 (limit:18).
 Your wisdom was 7 (peak:8, limit:18).
 Your charisma was 11 (limit:18).

Final Status:
 You weren't hungry.
 You were unencumbered.
 You were wielding a spear.
 You had basic skill with spear and could have enhanced that.

Final Attributes:
 You were piously aligned.
 You were cold resistant.
 You would have confused monsters when hitting them.
 You were stealthy.
 You are dead.

Miscellaneous:
 You didn't encounter any bones levels.
 Total elapsed playing time was 15 minutes and 48 seconds.

Major events:
 Turn
    1: Kwijibo4686 the neutral human Valkyrie entered the dungeon
  962: entered the Gnomish Mines
  976: attained the rank of Skirmisher (level 3)
 1612: reached Mine Town
 1717: attained the rank of Fighter (level 6)
 2281: killed by a fire ant

You didn't know any spells.

Skills:
 Fighting Skills
   bare handed combat [Unskilled]
   two weapon combat  [Unskilled]
   riding             [Unskilled]
 Weapon Skills
   dagger             [Basic]
   axe                [Unskilled]
   pick-axe           [Unskilled]
   short sword        [Unskilled]
   broadsword         [Unskilled]
   long sword         [Unskilled]
   two-handed sword   [Unskilled]
   saber              [Unskilled]
   hammer             [Unskilled]
   quarterstaff       [Unskilled]
   polearms           [Unskilled]
   spear              [Basic]
   trident            [Unskilled]
   lance              [Unskilled]
   sling              [Unskilled]
 Spellcasting Skills
   attack spells      [Unskilled]
   escape spells      [Unskilled]

Voluntary challenges:
 Character rerolling was not enabled.
 You never genocided any monsters.
 You never polymorphed an object.
 You never changed form.
 You used no wishes.
Achievements:
 You entered a shop.
 You entered the Gnomish Mines.
 You attained the rank of Skirmisher.
 You entered Minetown.
 You entered a temple.
 You attained the rank of Fighter.

 The Dungeons of Doom: levels 1 to 3
    Level 1:
    Level 2:
       A food shop, a grave.
    Level 3:
       A potion shop, a fountain.
       Stairs down to The Gnomish Mines.
 The Gnomish Mines: levels 4 to 7
    Level 4:
    Level 5:
    Level 6:
       Many shops, a temple and an altar, some fountains.
    Level 7: <- You were here.
       Final resting place for
          you, killed by a fire ant.


Vanquished creatures:
  a giant mimic
  2 small mimics
  a gnome ruler
  4 gnome leaders
  2 gnomish wizards
  a gray ooze
  7 dwarves
  2 dwarf zombies
  2 hobbits
  a hobgoblin
  a giant rat
  a cave spider
  a yellow mold
 31 gnomes
  2 geckos
  2 foxes
  a kobold
  a goblin
  a sewer rat
  2 grid bugs
  a lichen
  a kobold zombie
  3 newts
71 creatures vanquished.

No species were genocided or became extinct.

Game over:
                       ----------
                      /          \
                     /    REST    \
                    /      IN      \
                   /     PEACE      \
                  /                  \
                  |   Kwijibo4686    |
                  |      27 Au       |
                  | killed by a fire |
                  |       ant        |
                  |                  |
                  |                  |
                  |       2026       |
                 *|     *  *  *      | *
        _________)/\\_//(\/(/\)/\//\/|_)_______

Farvel Kwijibo4686 the Valkyrie...

You died in The Gnomish Mines on dungeon level 7 with 2835 points,
and 27 pieces of gold, after 2281 moves.
You were level 6 with a maximum of 74 hit points when you died.

